 Dungeon Crawl Stone Soup version 0.31-a0-1-g4198be8af4 (webtiles) character file.

Game seed: 12879140823218986876

35 cheesebisquit the Chiller (level 3, -2/26 HPs)
             Began as a Merfolk Ice Elementalist on May 1, 2023.
             Slain by a rat (3 damage)
             ... on level 2 of the Dungeon.
             The game lasted 00:03:26 (1171 turns).

cheesebisquit the Chiller (MfIE)                    Turns: 1171, Time: 00:03:26

Health: -2/26      AC:  2    Str:  8    XL:     3   Next: 33%
Magic:  2/6        EV: 12    Int: 16    God:
Gold:   127        SH:  0    Dex: 14    Spells: 5/6 levels left

rFire   . . .        e - +0 spear
rCold   . . .        (no shield)
rNeg    . . .        a - +0 robe
rPois   .            (no helmet)
rElec   .            (no cloak)
rCorr   .            (no gloves)
SInv    .            (no boots)
Will    +....        (no amulet)
Stlth   ++           f - ring of willpower
HPRegen 0.24/turn    (no ring)
MPRegen 0.10/turn

%: no passive effects
@: very slightly contaminated
A: (nimble swimmer 2), mertail
a: no special abilities


You were on level 2 of the Dungeon.
You visited 1 branch of the dungeon, and saw 2 of its levels.

You collected 127 gold pieces.

Inventory:

Hand Weapons
 e - a +0 spear (weapon)
Missiles
 k - 3 silver javelins
Armour
 a - a +0 robe (worn)
Jewellery
 f - a ring of willpower (left hand)
Scrolls
 c - a scroll of fear {unknown}
 g - a scroll of noise {unknown}
 j - a scroll of identify
Potions
 b - a potion of magic
 d - 2 potions of lignification
 h - a potion of berserk rage {unknown}
 i - a potion of brilliance {unknown}
 l - a potion of haste {unknown}


   Skills:
 + Level 1.4 Fighting
 + Level 1.1 Polearms
 - Level 2.6 Dodging
 - Level 2.1 Stealth
 + Level 2.4 Spellcasting
 + Level 4.7 Ice Magic


You had 5 spell levels left.
You knew the following spells:

 Your Spells              Type           Power      Damage    Failure   Level
a - Freeze                Ice            68%        1d8       2%          1

Your spell library contained the following spells:

 Spells                   Type           Power      Damage    Failure   Level
 Frozen Ramparts          Ice            34%        1d6       9%          3
 Ozocubu's Armour         Ice            17%        N/A       9%          3
 Summon Ice Beast         Ice/Summ       9%         N/A       58%         4
 Summon Lightning Spire   Summ/Air       1%         N/A       89%         4
 Storm Form               Tmut/Air       0%         N/A       100%        7
 Maxwell's Capacitive Co  Air            0%         ∞         100%        8


Dungeon Overview and Level Annotations

Branches:
Dungeon (2/15)

Altars:

Shops:
D:1 (


Innate Abilities, Weirdness & Mutations

((You are very nimble when in or above water. (Stealth+, EV+, Speed+++)))
Your lower body shifts to a powerful aquatic tail in water.


Message History

You kill the endoplasm!
You can't see any susceptible monsters within range! (Use Z to cast anyway.)
Found 3 stones.
j - 2 scrolls labelled JULIFR DIABBEBIA (gained 1)
An ogre and a rat come into view.
The ogre shouts!
You reach to attack!
You hit the ogre but do no damage.
You miscast Freeze.
You are very lightly contaminated with residual magic.
Nothing appears to happen.
The ogre hits you with a +0 giant club!
Ouch! That really hurt!
You are too injured to fight recklessly!
You are too injured to fight recklessly!
Aiming: Freeze (safe; 2% risk of failure)
Press: ? - help, Q - select action, (/) - cycle Shift-Dir - straight line, f/p - ogre
Aim: an ogre, wielding a +0 giant club You freeze the ogre.
The ogre is lightly wounded.
The ogre hits you with a +0 giant club!
* * * LOW HITPOINT WARNING * * *
Aiming: Freeze (safe; 2% risk of failure)
Press: ? - help, Q - select action, (/) - cycle Shift-Dir - straight line, f/p - ogre
Aim: an ogre, wielding a +0 giant club (lightly wounded)
You freeze the ogre.
The ogre is moderately wounded.
Aiming: Freeze (safe; 2% risk of failure)
Press: ? - help, Q - select action, (/) - cycle Shift-Dir - straight line, f/p - ogre
Aim: an ogre, wielding a +0 giant club (moderately wounded)
You freeze the ogre.
The ogre is moderately wounded.
The rat bites you.
* * * LOW HITPOINT WARNING * * *
The ogre closely misses you.
Okay, then.
Okay, then.
As you read the scroll labelled JULIFR DIABBEBIA, it crumbles to dust.
It is a scroll of identify.
d - 2 potions of lignification The rat bites you.
You die...

###.###.###.# #...#
.#.......... # #.
#.#
#.#.###.#.##.####.#
#. #.# #..........
#.# ...
##.........( #..
.>. #...........
### #...#
##.......... ##.##
##.........
#.#########....?...
......O@........
......r.?##.####
### ##............
......
#.####..#####..
#..... # #..# .
#.#### #..# #.....
##.# #.#### .# #.#
####.#


You could see an ogre and a rat.

Vanquished Creatures
  2 dart slugs (D:1)
  3 endoplasms
  3 giant cockroaches (D:1)
  4 goblins
  3 hobgoblins
  2 quokkas (D:1)
  4 ball pythons
  A bat (D:2)
  2 frilled lizards
  2 kobolds
  2 rats
28 creatures vanquished.

Notes
Turn   | Place    | Note
-------+----------+-------------------------------------------
     0 | D:1      | cheesebisquit the Merfolk Ice Elementalist began the quest
                  | for the Orb.
     0 | D:1      | Reached XP level 1. HP: 13/13 MP: 3/3
   233 | D:1      | Reached XP level 2. HP: 16/20 MP: 3/5
   236 | D:1      | Reached skill level 1 in Fighting
   408 | D:1      | Found a faded altar of an unknown god.
   474 | D:1      | Found Kahaemat's Weapon Shoppe.
   714 | D:1      | Reached XP level 3. HP: 26/26 MP: 4/6
  1012 | D:2      | Reached skill level 1 in Polearms
  1164 | D:2      | Noticed an ogre
  1170 | D:2      | HP: 1/26 [rat (2)]
  1171 | D:2      | Slain by a rat

Illustrated notes

Levels and vault maps discovered:
D:1:      minmay_arrival_widening_spiral_wide, layout_basic, serial_shops, shop,
          chequers_ecumenical_altar_island, chequers_serial_rivers_room_a,
          serial_park_tiny_2
D:2:      layout_loops_ring, basic_altar

Skill      XL: |  1  2  3 |
---------------+----------+-----
Fighting       | 1 |  1.4
Polearms       | 1 |  1.1
Dodging        | |  2.6
Stealth        | |  2.1
Spellcasting   | |  2.4
Ice Magic      | |  4.7

Action                     || total
---------------------------++-------
  Melee: Unarmed           ||    20
         Punch             ||     1
         Spear             ||    14
   Cast: Freeze            ||    33
    Use: Scroll            ||     1
   Stab: Sleeping          ||     6
 Armour: Robe              ||     1
  Dodge: Dodged            ||    16

Table legend: (Time is in decaauts)
 A = Elapsed time spent in this place.
 B = Non-inter-level travel time spent in this place.
 C = Inter-level travel time spent in this place.
 D = Time resting spent in this place.
 E = Time spent auto-exploring this place.
 F = Levels seen in this place.
 G = Mean time per level.
                   A        B        C        D        E       F      G
               +--------+--------+--------+--------+--------+-----+--------+
         Total |   1166 |   1091 |     75 |      0 |    900 |   2 |  583.0 |
       Dungeon |   1166 |   1091 |     75 |      0 |    900 |   2 |  583.0 |
               +--------+--------+--------+--------+--------+-----+--------+

Top non-repeatable levels by time:
     D:1: 851 daAuts
     D:2: 315 daAuts
